[Event "Manx Liberty Masters 2021"]
[Site "Douglas, Isle of Man"]
[Date "2021.09.18"]
[Round "1.4"]
[White "Pert, Richard G"]
[Black "Galyas, Miklos"]
[Result "1/2-1/2"]
[ECO "B08"]
[WhiteElo "2416"]
[BlackElo "2448"]
[Annotator "NA"]
[PlyCount "60"]
[EventDate "2021.09.18"]
[EventType "tourn"]
[EventCountry "GBR"]
[SourceTitle "playchess.com"]
[Source "ChessBase"]
[SourceQuality "1"]
[TimeControl "40/5400+30:900+30"]

1. e4 d6 2. d4 Nf6 3. Nc3 g6 4. Be3 a6 5. Nf3 Bg7 $14 6. h3 O-O 7. Bd3 Nc6 8. d5 Ne5 9. Nxe5 dxe5 10. Qe2 e6 11. dxe6 Bxe6 12. O-O-O Qe7 13. Bc4 c6 14. Kb1 Rfd8 15. Bxe6 Qxe6 16. Rxd8+ Rxd8 17. Rd1 Rxd1+ 18. Qxd1 Nd7 19. Na4 Bf8 20. Nb6 Nxb6 21. Bxb6 Be7 22. b3 h5 23. Be3 Qd6 24. Qxd6 Bxd6 25. c4 Kf8 26. Kc2 Ke7 27. f3 Ke6 28. Kd3 Be7 29. Ke2 Bd6 30. Kd3 Be7 1/2-1/2

[Event "Manx Liberty Masters 2021"]
[Site "Douglas, Isle of Man"]
[Date "2021.09.20"]
[Round "3.2"]
[White "Kolbus, Dietmar"]
[Black "Csonka, Balazs"]
[Result "1/2-1/2"]
[ECO "D38"]
[WhiteElo "2295"]
[BlackElo "2496"]
[Annotator "ChessBase"]
[PlyCount "64"]
[EventDate "2021.09.18"]
[EventType "tourn"]
[EventCountry "GBR"]
[SourceTitle "playchess.com"]
[Source "ChessBase"]
[SourceQuality "1"]
[TimeControl "40/5400+30:900+30"]

1. Nf3 d5 2. d4 Nf6 3. c4 e6 4. Nc3 Ne4 5. e3 Bb4 6. Bd2 Nxd2 7. Qxd2 O-O 8. a3 Be7 9. b4 c6 10. Be2 Nd7 11. O-O dxc4 12. Bxc4 b6 13. Qe2 Bb7 14. Rfc1 Qb8 15. Ba6 Rd8 16. h3 h6 17. Rc2 Qc8 18. Bxb7 Qxb7 19. Rb1 a5 20. Rcb2 axb4 21. axb4 Ra3 22. Qc2 Rda8 23. Ne4 Ra1 24. Nc3 b5 25. Ne4 R8a4 26. Nc5 Bxc5 27. dxc5 Nf6 28. e4 Qc7 29. g3 Nd7 30. Rxa1 Rxa1+ 31. Kg2 Ne5 32. Ra2 Rxa2 1/2-1/2

[Event "Manx Liberty Masters 2021"]
[Site "Douglas, Isle of Man"]
[Date "2021.09.21"]
[Round "4.4"]
[White "Csonka, Balazs"]
[Black "Gavrilescu, David"]
[Result "1/2-1/2"]
[ECO "C13"]
[WhiteElo "2496"]
[BlackElo "2477"]
[Annotator "ChessBase"]
[PlyCount "63"]
[EventDate "2021.09.18"]
[EventType "tourn"]
[EventCountry "GBR"]
[SourceTitle "playchess.com"]
[Source "ChessBase"]
[SourceQuality "1"]
[TimeControl "40/5400+30:900+30"]

1. e4 e6 2. d4 d5 3. Nc3 Nf6 4. Bg5 dxe4 5. Nxe4 Be7 6. Nxf6+ Bxf6 7. Bxf6 Qxf6 8. Nf3 O-O 9. Qd3 c5 10. O-O-O cxd4 11. Qxd4 Qxd4 12. Nxd4 Bd7 13. Be2 a6 14. f4 Rc8 15. Rd2 Kf8 16. Rhd1 Be8 17. b3 b5 18. Kb2 Ra7 19. c4 bxc4 20. Bxc4 Nc6 21. Nxc6 Bxc6 22. Rd8+ Rxd8 23. Rxd8+ Ke7 24. Rd2 a5 25. g3 h6 26. Re2 Kd6 27. Kc3 Bd7 28. h4 f6 29. Rd2+ Ke7 30. Kd4 Kd6 31. Kc3+ Ke7 32. Kd4 1/2-1/2

[Event "Manx Liberty Masters 2021"]
[Site "Douglas, Isle of Man"]
[Date "2021.09.21"]
[Round "4.5"]
[White "Pert, Richard G"]
[Black "Kolbus, Dietmar"]
[Result "1-0"]
[ECO "C42"]
[WhiteElo "2416"]
[BlackElo "2295"]
[Annotator "NA"]
[PlyCount "93"]
[EventDate "2021.09.18"]
[EventType "tourn"]
[EventCountry "GBR"]
[SourceTitle "playchess.com"]
[Source "ChessBase"]
[SourceQuality "1"]
[TimeControl "40/5400+30:900+30"]

1. e4 e5 2. Nf3 Nf6 3. Nxe5 d6 4. Nf3 Nxe4 $14 5. Nc3 Nf6 6. d4 d5 7. Bd3 Be7 8. h3 c6 9. O-O Nbd7 10. Be3 O-O 11. Ne2 Bd6 12. Bg5 Qc7 13. Bh4 Nh5 14. b3 Re8 15. c4 dxc4 16. bxc4 Nf8 17. Rc1 Nf4 18. Nxf4 Bxf4 19. Rc3 Ng6 20. Qc2 Bd7 21. Rd1 Kh8 22. Bg5 Bxg5 23. Nxg5 Qf4 24. Qc1 Qxc1 25. Rcxc1 Re7 26. Rb1 Be8 27. Re1 Rc7 28. Ne4 Nf4 29. Bf1 Rd7 30. Nc5 Rxd4 31. Rxb7 Rdd8 32. g3 Ng6 33. h4 Rdb8 34. h5 Rxb7 35. Nxb7 Nf8 36. Re7 f6 37. Bg2 Bxh5 38. Bxc6 Ng6 39. Rc7 Ne5 40. Bd5 Bf3 41. Nc5 Bxd5 42. cxd5 Kg8 43. d6 Rd8 44. d7 Kf7 45. f4 Nf3+ 46. Kf2 Nd4 47. Nb7 1-0

[Event "Manx Liberty Masters 2021"]
[Site "Douglas, Isle of Man"]
[Date "2021.09.22"]
[Round "5.5"]
[White "Gavrilescu, David"]
[Black "Galyas, Miklos"]
[Result "1/2-1/2"]
[ECO "B07"]
[WhiteElo "2477"]
[BlackElo "2448"]
[Annotator "ChessBase"]
[PlyCount "61"]
[EventDate "2021.09.18"]
[EventType "tourn"]
[EventCountry "GBR"]
[SourceTitle "playchess.com"]
[Source "ChessBase"]
[SourceQuality "1"]
[TimeControl "40/5400+30:900+30"]

1. e4 d6 2. d4 Nf6 3. Nc3 g6 4. Be3 a6 5. h3 Bg7 6. f4 O-O 7. Nf3 e6 8. Bd3 Nc6 9. O-O Ne7 10. a4 b6 11. Qe1 Bb7 12. Qh4 c5 13. dxc5 bxc5 14. f5 gxf5 15. exf5 exf5 16. Bg5 Ng6 17. Qf2 h6 18. Bxf6 Qxf6 19. Rad1 Nf4 20. Bc4 Qg6 21. Kh2 Rae8 22. Nh4 Qg5 23. g3 Nxh3 24. Qxf5 Qxf5 25. Nxf5 Ng5 26. Nxd6 Re7 27. Nf5 Ree8 28. Nxg7 Kxg7 29. Bd5 Bxd5 30. Rxd5 Rb8 31. b3 1/2-1/2

[Event "Manx Liberty Masters 2021"]
[Site "Douglas, Isle of Man"]
[Date "2021.09.24"]
[Round "7.2"]
[White "Galyas, Miklos"]
[Black "Kolbus, Dietmar"]
[Result "1/2-1/2"]
[ECO "D41"]
[WhiteElo "2448"]
[BlackElo "2295"]
[Annotator "NA"]
[PlyCount "71"]
[EventDate "2021.09.18"]
[EventType "tourn"]
[EventCountry "GBR"]
[SourceTitle "playchess.com"]
[Source "ChessBase"]
[SourceQuality "1"]
[TimeControl "40/5400+30:900+30"]

1. c4 c6 2. e4 d5 3. cxd5 cxd5 4. exd5 Nf6 5. Nc3 Nxd5 6. Bc4 e6 7. Nf3 Nc6 8. O-O Be7 9. d4 O-O $11 10. Re1 Nxc3 11. bxc3 b6 12. Qe2 Na5 13. Bd3 Bb7 14. Bd2 Rc8 15. Ne5 Bf6 16. Qg4 g6 17. Re3 Bxe5 18. Rxe5 f5 19. Qg3 Bd5 20. h4 Nc4 21. Bxc4 Rxc4 22. Bf4 Kf7 23. Rae1 Rg8 24. Bg5 Qd7 25. Bd2 Qd8 26. Qf4 h5 27. Qg3 Re8 28. Bf4 b5 29. Bg5 Qd7 30. R5e3 Qc7 31. Bf4 Qd8 32. Be5 Rg8 33. Bf4 Re8 34. Bg5 Qc7 35. Bf4 Qd8 36. Bg5 1/2-1/2

[Event "Manx Liberty Masters 2021"]
[Site "Douglas, Isle of Man"]
[Date "2021.09.20"]
[Round "8.1"]
[White "Gavrilescu, David"]
[Black "Pert, Richard G"]
[Result "1-0"]
[ECO "B13"]
[WhiteElo "2477"]
[BlackElo "2416"]
[Annotator "ChessBase"]
[PlyCount "95"]
[EventDate "2021.09.18"]
[EventType "tourn"]
[EventCountry "GBR"]
[SourceTitle "playchess.com"]
[Source "ChessBase"]
[SourceQuality "1"]
[TimeControl "40/5400+30:900+30"]

1. e4 c6 2. Nf3 d5 3. exd5 cxd5 4. d4 Nf6 5. Ne5 g6 6. Bb5+ Nbd7 7. O-O Bg7 8. Re1 O-O 9. Nf3 Ne4 10. Bd3 e5 11. c3 Nxf2 12. Kxf2 e4 13. Be2 exf3 14. Bxf3 Nf6 15. Bf4 Ne4+ 16. Bxe4 dxe4 17. Rxe4 b5 18. Kg1 Bb7 19. Re3 g5 20. Be5 Re8 21. Qe2 Qd5 22. Na3 f6 23. Nxb5 fxe5 24. Nc7 Qc6 25. Nxa8 Bxa8 26. Rf1 h6 27. dxe5 Rxe5 28. Rxe5 Bxe5 29. Kh1 Bb7 30. Rf3 Bf6 31. h3 Kg7 32. b3 h5 33. Rd3 a5 34. c4 a4 35. b4 Kh6 36. c5 Ba6 37. Qf3 Qxf3 38. Rxf3 Kg6 39. c6 Be5 40. c7 g4 41. hxg4 hxg4 42. Ra3 Bc8 43. b5 Kf6 44. Rxa4 Ke7 45. Ra8 Kd7 46. b6 g3 47. Rb8 Ba6 48. Rd8+ 1-0

[Event "Manx Liberty Masters 2021"]
[Site "Douglas, Isle of Man"]
[Date "2021.09.20"]
[Round "8.3"]
[White "Galyas, Miklos"]
[Black "Csonka, Balazs"]
[Result "1/2-1/2"]
[ECO "D02"]
[WhiteElo "2448"]
[BlackElo "2496"]
[Annotator "ChessBase"]
[PlyCount "65"]
[EventDate "2021.09.18"]
[EventType "tourn"]
[EventCountry "GBR"]
[SourceTitle "playchess.com"]
[Source "ChessBase"]
[SourceQuality "1"]
[TimeControl "40/5400+30:900+30"]

1. d4 Nf6 2. Nf3 d5 3. Bf4 Bf5 4. c4 e6 5. Qb3 dxc4 6. Qxb7 Be4 7. Qxc7 Bb4+ 8. Nbd2 Qxc7 9. Bxc7 Ke7 10. a3 c3 11. bxc3 Bxc3 12. Rc1 Bb2 13. Bd6+ Kxd6 14. Nc4+ Ke7 15. Nxb2 Nbd7 16. Nd2 Rhc8 17. Nbc4 Nb6 18. f3 Bd5 19. e4 Rc6 20. Kf2 Bxc4 21. Nxc4 Rd8 22. Be2 Nxc4 23. Rxc4 Rxc4 24. Bxc4 Rxd4 25. Rc1 Rd7 26. Bb5 Rb7 27. a4 Ne8 28. Bxe8 Kxe8 29. Rc5 Kd7 30. Ra5 Kc6 31. Ke3 Kb6 32. Rb5+ Kc6 33. Ra5 1/2-1/2

[Event "Manx Liberty Masters 2021"]
[Site "Douglas, Isle of Man"]
[Date "2021.09.26"]
[Round "9.2"]
[White "Csonka, Balazs"]
[Black "Pert, Richard G"]
[Result "1/2-1/2"]
[ECO "B12"]
[WhiteElo "2496"]
[BlackElo "2416"]
[Annotator "ChessBase"]
[PlyCount "74"]
[EventDate "2021.09.18"]
[EventType "tourn"]
[EventCountry "GBR"]
[SourceTitle "playchess.com"]
[Source "ChessBase"]
[SourceQuality "1"]
[TimeControl "40/5400+30:900+30"]

1. e4 c6 2. d4 d5 3. e5 Bf5 4. Nf3 e6 5. Be2 Ne7 6. O-O Ng6 7. Be3 Nd7 8. Ne1 h5 9. c3 Qb6 10. Qd2 f6 11. f4 c5 12. Bd3 Bxd3 13. Qxd3 f5 14. b3 Qa6 15. Qxa6 bxa6 16. Nf3 cxd4 17. Nxd4 Kf7 18. Nd2 Bc5 19. c4 dxc4 20. Nxc4 Ne7 21. Rfd1 Nb6 22. Nxf5 Nxf5 23. Bxc5 Nxc4 24. bxc4 Rhc8 25. Rd7+ Ke8 26. Rxa7 Rxa7 27. Bxa7 Rxc4 28. g3 Rc2 29. Bf2 Kd7 30. a4 Kc6 31. a5 Kd5 32. Ra4 Kc6 33. Rb4 Ra2 34. Rb6+ Kd5 35. Rxa6 Ke4 36. Rb6 h4 37. Rb4+ Kf3 1/2-1/2